 Dungeon Crawl Stone Soup version 0.23.2-1-ga50397a (webtiles) character file.

Game seed: 5601201412951978575

63 xveg the Vandal (level 3, -1/30 HPs)
             Began as a Minotaur Hunter on May 8, 2019.
             Was an Initiate of Okawaru.
             Slain by a two-headed ogre
             ... wielding a +0 giant club
              (17 damage)
             ... on level 3 of the Dungeon.
             The game lasted 00:02:21 (2196 turns).

xveg the Vandal (Minotaur Hunter)                   Turns: 2196, Time: 00:02:22

Health: -1/30      AC:  5    Str: 16    XL:     3   Next: 87%
Magic:  2/2        EV: 11    Int:  8    God:    Okawaru [......]
Gold:   66         SH:  0    Dex: 11    Spells: 2/2 levels left

rFire    . . .     SeeInvis .   a - +1 hunting sling
rCold    . . .     Gourm    .   (no shield)
rNeg     . . .     Faith    .   j - +0 ring mail
rPois    .         Spirit   .   (helmet restricted)
rElec    .         Reflect  .   (no cloak)
rCorr    .         Harm     .   (no gloves)
MR       .....                  (no boots)
Stlth    +.........             (no amulet)
HPRegen  0.10/turn              (no ring)
MPRegen  0.08/turn              (no ring)

@: no status effects
A: retaliatory headbutt, horns 2
a: Renounce Religion


You were on level 3 of the Dungeon.
You worshipped Okawaru.
Okawaru was noncommittal.
You were not hungry.

You visited 1 branch of the dungeon, and saw 3 of its levels.

You collected 66 gold pieces.

Inventory:

Hand Weapons
 a - a +1 hunting sling (weapon)
 b - a +0 short sword
Missiles
 d - 14 sling bullets (quivered)
 e - 63 stones
 k - 10 poisoned needles
 m - 3 needles of sleeping
 o - 58 arrows
Armour
 c - a +0 leather armour
 j - a +0 ring mail (worn)
Wands
 l - a wand of iceblast (9)
Scrolls
 g - 2 scrolls of identify {unknown}
 i - 2 scrolls of blinking {unknown}
 n - 2 scrolls of enchant armour {unknown}
Potions
 h - a potion of haste {unknown}
Comestibles
 f - 3 rations


   Skills:
 + Level 2.7 Fighting
 + Level 5.4 Slings
 * Level 0.7 Armour
 * Level 2.5 Dodging
 * Level 1.4 Stealth


You had 2 spell levels left.
You didn't know any spells.
Your spell library was empty.

Dungeon Overview and Level Annotations

Branches:
Dungeon (3/15)

Altars:
Okawaru


Innate Abilities, Weirdness & Mutations

You reflexively headbutt those who attack you in melee.
You have a pair of horns on your head.


Message History

The two-headed ogre is lightly wounded.
A frilled lizard comes into view.
Firing (i - inventory. (/) - cycle)
d - 15 sling bullets (quivered)
Press: ? - help, Shift-Dir - straight line, f/p - two-headed ogre
Aim: a two-headed ogre, wielding two +0 giant clubs (lightly wounded)
You shoot a sling bullet. The frilled lizard hisses angrily.
The sling bullet hits the two-headed ogre!
The two-headed ogre is moderately wounded.
The two-headed ogre hits you with a +0 giant club.
The two-headed ogre hits you with a +0 giant club!
You are too injured to fight recklessly!
You are too injured to fight recklessly!
You are too injured to fight recklessly!
There is a stone staircase leading up here.
You can't go down here!
The two-headed ogre hits you but does no damage.
The two-headed ogre hits you with a +0 giant club!
Ouch! That really hurt!
You die...

.... ... ...
... #.# ..
#.####.#.#
####.l.([...#
#.....###(###
#.# ##.#...#
.(
#....##....###
.(l
.......@O..#
##.
##...##...##
##. ##.## #.#
#.# #.. ##< ..


You could see a two-headed ogre and a frilled lizard.

Vanquished Creatures
  An adder (D:2)
  An ooze (D:1)
  3 worms
  A dart slug (D:1)
  An orc (D:3)
  4 giant cockroaches (D:2)
  5 goblins
  3 hobgoblins
  2 quokkas (D:2)
  A ball python (D:2)
  5 bats (D:2)
  A frilled lizard (D:1)
  5 kobolds
  2 rats (D:2)
35 creatures vanquished.

Notes
Turn   | Place    | Note
-------+----------+-------------------------------------------
     0 | D:1      | xveg the Minotaur Hunter began the quest for the Orb.
     0 | D:1      | Reached XP level 1. HP: 18/18 MP: 0/0
   178 | D:1      | Reached skill level 1 in Stealth
   399 | D:1      | Reached XP level 2. HP: 25/25 MP: 1/1
   758 | D:1      | Reached skill level 5 in Slings
  1045 | D:2      | Reached XP level 3. HP: 29/30 MP: 2/2
  1196 | D:2      | Found an iron altar of Okawaru.
  2045 | D:2      | Became a worshipper of Warmaster Okawaru
  2180 | D:3      | Noticed a two-headed ogre
  2196 | D:3      | Slain by a two-headed ogre

Skill      XL: |  1  2 |
---------------+-------+-----
Stealth        | 1 |  1.4
Slings         | 5 |  5.4
Fighting       | |  2.7
Armour         | |  0.7
Dodging        | |  2.5

Action                   || total
-------------------------++-------
 Fire: Hunting sling     ||   103
  Eat: Chunk             ||     4
Armor: Leather armour    ||     1
       Ring mail         ||     6
Dodge: Dodged            ||    17
